 Dungeon Crawl Stone Soup version 0.30-a0-743-gbfdf073431 (webtiles) character file.

Game seed: 1161269590555521863

4970 Chaicat the Nimble (level 10, -1/93 (98) HPs)
             Began as a Troll Fighter on Feb 3, 2023.
             Was a Priest of Nemelex Xobeh.
             Slain by Maggie
             ... wielding a +0 long sword of draining
              (6 damage)
             ... on level 8 of the Dungeon on Feb 6, 2023.
             The game lasted 00:23:26 (7054 turns).

Chaicat the Nimble (Troll Fighter)                  Turns: 7054, Time: 00:23:27

HP:   -1/93 (98)    AC:  6    Str: 30    XL:     10   Next: 28%
MP:   9/9           EV: 12    Int:  4    God:    Nemelex Xobeh [***...]
Gold: 422           SH:  0    Dex: 13    Spells: 9/9 levels left

rFire   . . .      SeeInvis +    n - +12 dagger "Xemyrph" {freeze, *Rage Will+ Str+4 SInv}
rCold   . . .      Faith    .    b - +0 kite shield
rNeg    + . .      Spirit   .    a - +0 robe
rPois   .          Reflect  .    (helmet restricted)
rElec   .          Harm     .    f - +1 cloak {Will+}
rCorr   .          Rampage  .    (gloves unavailable)
Will    ++...      Rage     20%  (boots unavailable)
Stlth   +                        i - amulet of magic regeneration
HPRegen 1.15/turn                g - ring of positive energy
MPRegen 0.51/turn                (no ring)

@: confused, ambrosia-drunk, on berserk cooldown, slowed, drained, very slow
A: large, unfitting armour, claws 3, regeneration 1, shaggy fur 1, tough skin 1
a: Renounce Religion, Draw Escape, Draw Destruction, Draw Summoning, Triple Draw


You were on level 8 of the Dungeon.
You worshipped Nemelex Xobeh.
Nemelex Xobeh was most pleased with you.
You visited 1 branch of the dungeon, and saw 8 of its levels.

You collected 422 gold pieces.

Inventory:

Hand Weapons
 n - the +12 dagger "Xemyrph" (weapon) {freeze, *Rage Will+ Str+4 SInv}
   (You found it on level 4 of the Dungeon)

   Str:       It affects your strength (+4).
   SInv:      It lets you see invisible.
   *Rage:     It berserks you when you make melee attacks (+20% chance).
   Will:      It increases your willpower.
 y - the +7 hand axe "Jewollo" {flame, rF+ Int+3 Stlth+}
   (You found it on level 7 of the Dungeon)

   Int:       It affects your intelligence (+3).
   rF:        It protects you from fire.
   Stlth:     It makes you more stealthy.
Armour
 a - a +0 robe (worn)
 b - a +0 kite shield (worn)
 f - a +1 cloak of willpower (worn)
Jewellery
 g - a ring of positive energy (left claw)
 i - an amulet of magic regeneration (around neck)
Wands
 d - a wand of charming (8)
 o - a wand of acid (9)
 w - a wand of mindburst (15)
Scrolls
 j - a scroll of magic mapping
 r - a scroll of identify
 s - a scroll of fog
 t - a scroll of fear
 u - 2 scrolls of enchant weapon
 z - 3 scrolls of teleportation
Potions
 c - a potion of might
 e - 6 potions of curing
 h - 2 potions of magic
 k - 3 potions of invisibility
 m - a potion of haste
 p - a potion of resistance
 q - a potion of cancellation {unknown}
 v - a potion of heal wounds {unknown}
 x - a potion of brilliance {unknown}


   Skills:
 + Level 6.2 Fighting
 * Level 8.5 Dodging
 + Level 6.9 Shields
 + Level 7.1 Unarmed Combat


You had 9 spell levels left.
You didn't know any spells.
Your spell library contained the following spells:

 Spells                   Type           Power      Damage    Failure   Level
 Sandblast                Erth           0%         2d4       75%         1
 Shock                    Conj/Air       0%         1d3       75%         1
 Ensorcelled Hibernation  Hex/Ice        0%         N/A       87%         2
 Passwall                 Tmut/Erth      0%         N/A       87%         2
 Stone Arrow              Conj/Erth      0%         3d7       98%         3
 Swiftness                Air            0%         N/A       98%         3
 Airstrike                Air            0%         2d(0-16)  100%        4


Dungeon Overview and Level Annotations

Branches:
Dungeon (8/15)             Temple (0/1) D:5
   Lair: D:8-11

Altars:
Ashenzari
Fedhas
Hepliaklqana
Kikubaaqudgha
Makhleb
Nemelex Xobeh
Okawaru

Shops:
D:8 [

Annotations:
D:8 Maggie


Innate Abilities, Weirdness & Mutations

You are too large for most types of armour.
You have claws for hands.
Your natural rate of healing is unusually fast.
You are covered in fur. (AC +1)
You have tough skin. (AC +1)


Message History

The howler monkey hoots and howls with incredible vigour!
You hear an angry hiss. x2
You hit the iron imp. You freeze the iron imp.
You kill the iron imp!
That felt strangely unrewarding.
Maggie practices a pose.
Maggie hits you with a +0 long sword of draining.
* * * LOW HITPOINT WARNING * * *
You partially resist.
You feel drained.
Okay, then.
You feel better.
An orc comes into view. It is wielding a +0 flail.
Maggie hits you with a +0 long sword of draining!
You partially resist.
You feel drained.
You barely miss Maggie.
Maggie casts a spell.
Maggie attempts to bespell you! You resist with almost no effort.
The howler monkey hoots and howls with incredible vigour!
You block Maggie's attack.
You hear a shout!
You hear an angry hiss. x3
You hit Maggie. You freeze Maggie.
Maggie is lightly wounded.
You block Maggie's attack.
The howler monkey hoots and howls with incredible vigour!
You hit Maggie but do no damage.
Maggie is lightly wounded.
Maggie casts a spell at you. The bolt of fire hits you!!
* * * LOW HITPOINT WARNING * * *
Maggie closely misses you.
You are confused.
You feel invigorated.
Maggie hits you with a +0 long sword of draining!
* * * LOW HITPOINT WARNING * * *
You partially resist.
You feel drained.
* * * LOW HITPOINT WARNING * * *
An orc comes into view.
It is wielding a +0 hand axe and carrying a wand of acid (4).
Maggie hits you with a +0 long sword of draining.
You die...
Your body disappears without a glow.

.z.5..'.##
......'..#
......##.#
.....##o.#
....##.D##
### #..hD#
####D# #@#
#@# #.#
#.# #.#
#.# #.#
#.#
#######.#
#.......#


You could see Maggie, 3 steam dragons, a howler monkey and an orc.

Vanquished Creatures
  Maurice (D:8)
  A gargoyle (D:8)
  4 yaks (D:8)
  A golden eye (D:8)
  Duvessa (D:5)
  An orc warrior (D:8)
  2 ice beasts
  2 sky beasts (D:8)
  2 ogres
  3 centaurs
  A lemure (D:8)
  A phantom (D:5)
  A kobold brigand (D:7)
  4 bullfrogs
  A necrophage (D:8)
  2 scorpions
  A wight (D:8)
  Dowan (D:5)
  11 killer bees
  A quasit (D:8)
  2 jellies
  3 gnoll boudas
  5 orc priests
  4 hounds
  An iron imp (D:8)
  2 iguanas (D:5)
  8 orc wizards
  14 gnolls
  An adder (D:2)
  A shadow imp (D:6)
  A white imp (D:5)
  An ufetubus (D:5)
  A worm (D:2)
  3 dart slugs
  34 orcs
  4 bats
  8 endoplasms
  3 giant cockroaches (D:4)
  11 goblins
  12 hobgoblins
  3 jackals (D:1)
  8 kobolds
  3 quokkas
  5 ball pythons
  5 frilled lizards
  5 rats
190 creatures vanquished.

Vanquished Creatures (collateral kills)
  Grum (D:8)
  3 wolves (D:8)
  4 killer bees (D:7)
  A worm (D:3)
9 creatures vanquished.

Vanquished Creatures (others)
  A human (D:3)
1 creature vanquished.

Grand Total: 200 creatures vanquished

Notes
Turn   | Place    | Note
-------+----------+-------------------------------------------
     0 | D:1      | Chaicat the Troll Fighter began the quest for the Orb.
     0 | D:1      | Reached XP level 1. HP: 22/22 MP: 0/0
   177 | D:1      | Reached XP level 2. HP: 29/29 MP: 1/1
   622 | D:1      | Found a faded altar of an unknown god.
   765 | D:2      | Reached XP level 3. HP: 36/36 MP: 2/2
   879 | D:2      | Found a broken altar of Ashenzari.
  1008 | D:2      | Found the +1 Delatra's gloves {ID++}
  1031 | D:2      | Reached skill level 3 in Dodging
  1031 | D:2      | Reached XP level 4. HP: 21/44 MP: 3/3
  1914 | D:3      | Found an iron altar of Okawaru.
  1918 | D:3      | Found a sparkling altar of Nemelex Xobeh.
  1922 | D:3      | Found a blossoming altar of Fedhas.
  1939 | D:3      | Became a worshipper of Nemelex Xobeh the Trickster
  1982 | D:3      | Found a hazy altar of Hepliaklqana.
  2007 | D:3      | Found an ancient bone altar of Kikubaaqudgha.
  2014 | D:3      | Noticed a human
  2015 | D:3      | Killed a human
  2578 | D:4      | Noticed a bullfrog
  2587 | D:3      | Killed a bullfrog
  2588 | D:3      | Reached XP level 5. HP: 50/53 MP: 4/4
  2653 | D:4      | Upgraded the game from 0.30-a0-738-g116ff8c4af to
                  | 0.30-a0-743-gbfdf073431
  2714 | D:4      | Identified the +12 dagger "Xemyrph" {freeze, *Rage Will+
                  | Str+4 SInv}
  2769 | D:4      | Reached * piety under Nemelex Xobeh
  3165 | D:4      | Received a gift from Nemelex Xobeh
  3342 | D:4      | Reached XP level 6. HP: 48/61 MP: 5/5
  3473 | D:5      | Entered Level 5 of the Dungeon
  3479 | D:5      | Reached skill level 4 in Dodging
  3570 | D:5      | Found a staircase to the Ecumenical Temple.
  3589 | D:5      | Noticed Dowan
  3589 | D:5      | Noticed Duvessa
  3597 | D:5      | Killed Dowan
  3608 | D:5      | Killed Duvessa
  3609 | D:5      | Reached XP level 7. HP: 39/68 MP: 6/6
  3934 | D:5      | Reached ** piety under Nemelex Xobeh
  4438 | D:6      | Reached skill level 5 in Dodging
  4520 | D:6      | Received a gift from Nemelex Xobeh
  4803 | D:6      | Reached XP level 8. HP: 77/78 MP: 7/7
  4985 | D:6      | Received a gift from Nemelex Xobeh
  5133 | D:6      | Reached skill level 5 in Shields
  5239 | D:6      | Reached *** piety under Nemelex Xobeh
  5357 | D:7      | Reached skill level 5 in Unarmed Combat
  5360 | D:7      | Reached skill level 6 in Dodging
  5530 | D:7      | Reached skill level 5 in Fighting
  5530 | D:7      | Reached XP level 9. HP: 88/88 MP: 8/8
  5629 | D:7      | Received a gift from Nemelex Xobeh
  5640 | D:7      | Identified the +7 hand axe "Jewollo" {flame, rF+ Int+3
                  | Stlth+}
  5674 | D:7      | Found a burning altar of Makhleb.
  6055 | D:8      | Noticed Grum
  6068 | D:8      | Killed Grum
  6069 | D:8      | Reached skill level 7 in Dodging
  6117 | D:8      | Noticed Maurice
  6127 | D:8      | Killed Maurice
  6254 | D:8      | Noticed a gargoyle
  6272 | D:8      | Killed a gargoyle
  6298 | D:8      | Found Imouwk's Antique Armour Shoppe.
  6375 | D:8      | Reached skill level 8 in Dodging
  6379 | D:8      | Reached XP level 10. HP: 87/98 MP: 9/9
  6991 | D:8      | Noticed Pikel
  7025 | D:8      | Pikel changed into Pikel the golden eye
  7025 | D:8      | Noticed Pikel
  7027 | D:8      | Noticed Maggie
  7032 | D:8      | Killed Pikel the golden eye
  7054 | D:8      | Slain by Maggie

Illustrated notes

Levels and vault maps discovered:
D:1:      lemuel_arrival_lava_pool, layout_basic,
          dilly_ecumenical_altar_fadedgnrine
D:2:      layout_basic, basic_altar, pf_guarded_unrand_delatra
D:3:      layout_loops_ring, lemuel_tele_altar, grunt_temple_overflow_diamond,
          tgw_kikubaaqudgha, minmay_goblin_kobold_house
D:4:      layout_cave_pods
D:5:      layout_gridville, temple_statues, uniq_duvessa
D:6:      layout_loops_corners, abandoned_shop
D:7:      layout_basic, mainiacjoe_overflow_concentric_impassable
D:8:      minmay_polygon_palace, layout_loops_ring, serial_shops, shop,
          minmay_misc_feat_rows, uniq_pikel, uniq_maggie, uniq_maurice,
          uniq_grum

Skill      XL: |  1  2  3  4  5  6  7  8  9 10 |
---------------+-------------------------------+-----
Shields        | 3 4 5 6 |  6.9
Dodging        | 3 4 5 6 8 |  8.5
Fighting       | 3 4 5 6 |  6.2
Unarmed Combat | 3 4 5 6 7 |  7.1

Action                     |  1- 3 |  4- 6 |  7- 9 | 10-12 || total
---------------------------+-------+-------+-------+-------++-------
  Melee: Unarmed           |   116 |    94 |       |       ||   210
         Dagger            |       |    30 |   225 |    96 ||   351
 Invoke: Draw Destruction  |       |       |     3 |     1 ||     4
         Draw Summoning    |       |       |     3 |       ||     3
         Draw Escape       |       |       |     1 |       ||     1
    Use: Scroll            |     2 |     9 |     7 |       ||    18
         Potion            |       |       |       |     2 ||     2
   Stab: Sleeping          |     3 |       |       |       ||     3
 Armour: Robe              |    48 |    34 |    51 |    17 ||   150
  Dodge: Dodged            |    26 |    38 |    94 |    54 ||   212
  Block: Kite shield       |    49 |    40 |   108 |    36 ||   233

Table legend: (Time is in decaauts)
 A = Elapsed time spent in this place.
 B = Non-inter-level travel time spent in this place.
 C = Inter-level travel time spent in this place.
 D = Time resting spent in this place.
 E = Time spent auto-exploring this place.
 F = Levels seen in this place.
 G = Mean time per level.
                   A        B        C        D        E       F      G
               +--------+--------+--------+--------+--------+-----+--------+
         Total |   7416 |   7121 |    295 |    890 |   4541 |   8 |  927.0 |
       Dungeon |   7416 |   7121 |    295 |    890 |   4541 |   8 |  927.0 |
               +--------+--------+--------+--------+--------+-----+--------+

Top non-repeatable levels by time:
     D:8: 1083 daAuts
     D:6: 1079 daAuts
     D:2: 1060 daAuts
     D:4: 917 daAuts
     D:3: 882 daAuts
     D:5: 872 daAuts
     D:7: 848 daAuts
     D:1: 672 daAuts
